Map: Emerald City LE

Players

Massa

  • Race: Terran Terran
  • League: Platinum
  • Spawn Location: 5:00

qqq

  • Race: Zerg Zerg
  • Spawn Location: 5:00

JackTar - Winner!

  • Race: Protoss Protoss
  • Spawn Location: 11:00

misaly - Winner!

  • Race: Terran Terran
  • Spawn Location: 11:00

VOD

Have the link to the VOD?

Description

Time

  • Played on: Oct. 25, 2020, 10:47 a.m.
  • Length: 21:55
Show
View Real Time Build Order
Export as new Build Order

Massa Terran 

Build Orders:  

Get SALT Encoding   

  12  0:08  SCV  
  13  0:20  SCV  
  14  0:28  Refinery  
  14  0:29  Supply Depot  
  14  0:32  SCV  
  15  0:50  SCV  
  15  0:52  Barracks  
  16  1:03  SCV  
  17  1:15  SCV  
  18  1:27  SCV  
  19  1:39  SCV  
  20  1:44  Reaper  
  20  1:46  Supply Depot  
  21  1:51  Orbital Command  
  21  2:16  Marine, Supply Depot  
  21  2:21  SCV  
  23  2:33  Barracks  
  23  2:37  Command Center  
  23  2:38  SCV  
  23  2:40  Factory  
  23  2:58  Supply Depot  
  23  3:00  Barracks Reactor  
  23  3:08  SCV  
  23  3:12  Refinery  
  24  3:20  SCV  
  24  3:23  Starport  
  25  3:27  Marine  
  25  3:29  Hellion  
  28  3:42  Marine x2  
  28  3:45  SCV, Marine  
  32  3:48  Supply Depot  
  32  3:51  Hellion  
  34  4:00  Marine x2  
  36  4:05  Barracks Tech Lab  
  36  4:11  Engineering Bay  
  36  4:12  SCV  
  36  4:14  Orbital Command  
  37  4:18  Marine x2  
  37  4:20  Widow Mine  
  41  4:24  SCV  
  41  4:27  Stimpack  
  41  4:29  Medivac  
  43  4:35  Marine  
  40  4:57  Missile Turret  
  40  5:06  SCV x2  
  42  5:18  SCV  
  42  5:20  Factory Tech Lab  
  42  5:21  Marine x2  
  44  5:22  Marauder  
  44  5:25  SCV  
  48  5:30  SCV  
  47  5:37  SCV  
  47  5:39  Marine x2  
  48  5:43  SCV  
  48  5:44  Marauder  
  48  5:49  SCV  
  52  5:55  SCV  
  52  5:56  Marine  
  52  5:57  Marine  
  51  6:01  SCV  
  49  6:10  Marine  
  47  6:14  Marine x2  
  47  6:16  Missile Turret  
  47  6:17  Missile Turret  
  49  6:21  Missile Turret  
  49  6:28  Marine  
  49  6:31  Factory  
  49  6:32  Marine  
  51  6:34  Cyclone  
  51  6:36  Marine  
  51  6:38  Combat Shield  
  55  6:40  SCV x2  
  55  6:46  Marauder  
  59  6:50  Marine  
  59  6:51  Supply Depot  
  59  6:52  SCV x2  
  62  6:54  Marine  
  62  7:00  Terran Infantry Weapons Level 1  
  63  7:04  SCV  
  63  7:06  Siege Tank  
  63  7:08  Refinery, Marauder, Marine  
  70  7:09  Refinery  
  70  7:12  Marine  
  70  7:13  SCV  
  70  7:14  Supply Depot  
  72  7:16  SCV  
  72  7:19  Supply Depot  
  72  7:20  Supply Depot  
  73  7:25  SCV, Marine, Supply Depot  
  73  7:29  Marauder  
  77  7:44  Marine  
  77  7:45  Marine  
  77  7:49  Cyclone  
  77  7:50  Marauder  
  77  7:51  SCV x2  
  86  7:57  Concussive Shells  
  86  7:58  Medivac  
  86  8:02  Marine x2  
  86  8:03  SCV x2  
  92  8:09  Starport  
  92  8:10  Factory Tech Lab  
  92  8:15  SCV  
  93  8:20  Marine  
  93  8:21  Cyclone  
  93  8:24  Barracks  
  93  8:26  Command Center  
  97  8:28  Medivac  
  97  8:31  Missile Turret  
  99  8:37  Armory  
  102  8:41  Siege Tank  
  102  8:44  SCV x2  
  104  8:54  Terran Infantry Armor Level 1  
  104  9:13  Barracks Reactor  
  104  9:14  Starport Reactor  
  104  9:17  Viking  
  106  9:47  Viking  
  89  10:11  Marauder, Marine x2  
  89  10:14  Cyclone x2  
  97  10:17  Viking  
  99  10:23  SCV x2  
  101  10:28  Marine  
  101  10:29  Marine  
  101  10:32  Marauder  
  101  10:35  SCV x2  
  107  10:40  Medivac x2  
  111  10:44  Marine  
  111  10:45  Marine  
  111  10:46  Cyclone x2, Marine  
  111  10:47  SCV x2, Marine  
  123  10:52  Refinery  
  123  10:53  Marauder  
  123  10:55  Refinery  
  125  11:07  Terran Vehicle Weapons Level 1, Supply Depot  
  125  11:08  Supply Depot  
  125  11:09  Supply Depot  
  125  11:13  Supply Depot  
  125  11:14  Engineering Bay  
  125  11:20  Orbital Command  
  125  11:26  Missile Turret  
  125  11:28  SCV, Marine x4, Cyclone  
  125  11:29  SCV, Cyclone  
  125  11:30  Marauder  
  139  11:33  Supply Depot x2  
  139  11:35  Supply Depot  
  137  11:40  SCV  
  137  11:41  SCV  
  137  11:46  Marine x4  
  143  11:51  Marauder  
  143  11:52  SCV  
  143  11:53  SCV  
  109  12:04  Marine x4  
  109  12:12  Cyclone x2, Marine  
  114  12:22  Marine x4  
  115  12:30  Marauder  
  115  12:36  Viking x3  
  123  12:39  Marine  
  123  12:40  Marine x3  
  127  12:44  Cyclone x2  
  133  12:52  Marauder  
  133  12:57  Marine  
  133  12:58  Marine x3  
  139  13:06  Medivac  
  139  13:08  Command Center  
  141  13:13  Marauder  
  141  13:15  Marine x4  
  141  13:16  Thor x2  
  141  13:17  Starport Tech Lab  
  141  13:18  Viking  
  161  13:34  Marine  
  161  13:36  Viking  
  164  13:48  Viking  
  164  13:54  Marauder, Marine x4  
  164  13:59  Thor x2  
  176  14:12  Marine x4  
  176  14:15  Marauder  
  179  14:23  Terran Infantry Weapons Level 2, Terran Vehicle And Ship Armor Level 1  
  176  14:42  Thor x2  
  186  14:46  Viking x3  
  184  15:03  Marauder, Marine x3  
  189  15:13  SCV x2  
  191  15:16  Viking x2  
  195  15:22  Supply Depot  
  195  15:26  Ghost Academy  
  195  15:36  Marauder, Viking  
  190  15:53  Thor  
  177  16:08  Thor  
  159  16:16  Orbital Command  
  159  16:17  SCV  
  159  16:18  SCV x2  
  162  16:28  Raven  
  162  16:29  SCV  
  162  16:30  SCV  
  166  16:36  Thor  
  172  16:45  Refinery  
  172  16:47  Refinery  
  172  16:51  Thor  
  176  17:19  Marine, Thor  
  176  17:20  Marauder, Marine x3  
  188  17:31  Medivac x3  
  188  17:34  Thor  
  190  18:06  Command Center  
  158  18:17  Thor  
  128  18:25  Marauder, Marine  
  128  18:26  Marine x3  
  110  18:43  Marine x4  
  110  18:46  Marauder  
  116  18:54  Personal Cloaking  
  116  18:57  Cloaking Field  
  116  18:58  Terran Infantry Armor Level 2  
  116  18:59  Terran Infantry Weapons Level 3  
  116  19:00  Terran Vehicle And Ship Armor Level 2  
  116  19:01  Marine x4  
  120  19:07  Marauder  
  122  19:15  Barracks  
  122  19:17  Barracks  
  122  19:19  Barracks x2, Marine x4  
  126  19:29  Marauder  
  122  19:36  Marine  
  122  19:37  Marine x3  
  80  19:49  Thor  
  80  19:50  Marauder, Thor  
  92  19:54  Marine  
  92  19:55  Marine x3  
  79  20:07  Medivac  
  79  20:08  Viking, Medivac  
  79  20:12  Marauder, Marine x4  
  85  20:19  SCV, Nuke  
  85  20:20  SCV x2  
  79  20:30  Marine x4  
  79  20:31  SCV  
  79  20:32  Thor  
  79  20:33  Marauder, Siege Tank  
  94  20:37  Viking  
  96  20:48  Marine  
  97  20:51  Barracks Tech Lab  
  97  20:54  Marauder, Marine  
  100  20:59  Marine x3  
  103  21:04  Barracks Reactor, Barracks Tech Lab  
  103  21:05  Marine  
  103  21:09  Ghost  
  106  21:16  Marauder  
Show
View Real Time Build Order
Export as new Build Order

qqq Zerg 

Build Orders: Hatch First 

Get SALT Encoding   

  12  0:04  Drone  
  13  0:09  Drone  
  14  0:36  Hatchery  
  14  0:39  Drone  
  14  0:59  Spawning Pool  
  13  1:04  Overlord  
  13  1:08  Drone  
  14  1:24  Drone x2, Extractor  
  15  1:36  Drone  
  16  1:52  Drone x2  
  18  1:59  Drone, Queen  
  20  2:02  Queen  
  20  2:05  Drone  
  23  2:11  Zergling x2  
  24  2:16  Drone  
  24  2:21  Overlord  
  25  2:24  Zergling x2  
  26  2:34  Metabolic Boost  
  26  2:37  Zergling x2  
  26  2:38  Zergling x2  
  26  2:40  Zergling x2  
  26  2:43  Zergling x2  
  30  2:56  Drone  
  30  2:57  Baneling Nest  
  30  2:59  Drone x2  
  30  3:04  Zergling x2  
  34  3:05  Zergling x2  
  34  3:13  Zergling x2  
  34  3:15  Zergling x2  
  36  3:23  Overlord  
  36  3:24  Overlord  
  36  3:32  Overlord  
  36  3:42  Zergling x6  
  39  3:49  Zergling x2  
  39  3:50  Zergling x4  
  42  3:57  Spore Crawler  
  41  4:03  Spore Crawler  
  41  4:07  Zergling x6  
  41  4:08  Drone  
  44  4:10  Drone  
  44  4:16  Baneling  
  44  4:17  Baneling x4  
  45  4:20  Zergling x2  
  37  4:42  Zergling x6  
  37  4:43  Zergling x6  
  40  5:06  Zergling x4  
  38  5:15  Zergling x2  
  38  5:16  Zergling x6  
  38  5:40  Zergling x4  
  38  5:41  Drone x2, Zergling x4  
  38  5:42  Zergling x2  
  40  5:57  Lair  
  40  5:58  Drone  
  40  5:59  Drone, Zergling x4  
  44  6:13  Baneling x6  
  44  6:14  Baneling x3  
  44  6:21  Drone x2  
  46  6:26  Extractor x2, Drone  
  46  6:27  Drone  
  46  6:28  Hatchery  
  45  6:35  Hatchery  
  32  6:57  Spire  
  32  6:59  Drone  
  32  7:00  Drone x2, Zergling x2, Overlord x2  
  35  7:02  Drone x2  
  35  7:04  Drone  
  38  7:09  Drone  
  38  7:10  Drone  
  38  7:13  Drone  
  41  7:16  Drone  
  41  7:18  Drone  
  41  7:21  Zergling x2  
  44  7:25  Overlord  
  41  7:41  Spore Crawler  
  40  7:47  Drone x2  
  42  7:52  Drone x6  
  42  7:53  Drone, Zergling x4  
  51  8:28  Mutalisk x4  
  51  8:29  Mutalisk  
  61  8:36  Spore Crawler  
  55  8:57  Mutalisk  
  55  8:58  Drone x3  
  55  8:59  Drone x8  
  55  9:00  Drone x4  
  72  9:10  Extractor  
  72  9:12  Drone x2  
  72  9:13  Drone  
  72  9:16  Extractor x2  
  72  9:19  Extractor  
  71  9:33  Mutalisk  
  71  9:36  Hatchery  
  70  9:49  Corruptor  
  70  9:51  Extractor, Zergling x2  
  72  9:53  Drone x4  
  72  9:54  Drone x4  
  72  9:56  Spore Crawler  
  72  9:57  Overlord  
  72  9:58  Spore Crawler  
  78  10:03  Drone  
  79  10:08  Drone  
  80  10:16  Drone  
  80  10:17  Drone x3  
  80  10:18  Drone  
  80  10:20  Queen  
  87  10:26  Zerg Flyer Weapons Level 1  
  87  10:27  Spore Crawler  
  86  10:28  Drone  
  86  10:29  Drone  
  86  10:30  Overlord x3  
  86  10:32  Overlord  
  88  10:47  Mutalisk x2  
  88  10:48  Mutalisk  
  88  10:49  Mutalisk x3  
  100  10:55  Infestation Pit  
  99  11:07  Extractor, Drone x2  
  99  11:08  Drone x2, Mutalisk  
  99  11:09  Corruptor x2  
  99  11:10  Extractor  
  107  11:23  Drone x6  
  113  11:30  Spore Crawler  
  113  11:31  Drone  
  106  11:35  Hatchery  
  106  11:39  Hatchery  
  61  11:58  Mutalisk x2, Corruptor x2  
  61  11:59  Mutalisk, Corruptor  
  62  12:02  Drone x5  
  62  12:03  Drone x3  
  70  12:16  Drone x3  
  71  12:33  Drone  
  72  12:37  Drone  
  72  12:41  Drone x2  
  75  12:51  Zerg Flyer Weapons Level 2  
  75  12:56  Hive  
  75  12:57  Corruptor  
  77  12:58  Drone  
  77  12:59  Drone x5  
  83  13:11  Drone x3  
  86  13:13  Hatchery  
  86  13:17  Drone, Hatchery  
  86  13:18  Drone x4, Mutalisk x3  
  94  13:27  Spore Crawler  
  94  13:29  Spore Crawler  
  84  13:36  Mutalisk x3  
  88  13:55  Mutalisk x3  
  92  13:56  Drone  
  92  13:57  Drone x8  
  92  13:58  Drone x3  
  104  14:14  Evolution Chamber  
  104  14:15  Drone, Ultralisk Cavern, Evolution Chamber  
  104  14:16  Drone x3, Overlord x2  
  104  14:17  Mutalisk, Overlord  
  105  14:18  Zergling x10  
  105  14:19  Zergling x2  
  111  14:45  Corruptor x2  
  111  14:46  Corruptor x3  
  111  14:47  Drone x4  
  111  14:48  Drone x5, Zergling x4  
  111  14:49  Zergling x8  
  136  14:54  Extractor  
  135  15:03  Extractor  
  134  15:09  Drone x5  
  139  15:17  Corruptor x5  
  127  15:45  Corruptor  
  127  15:46  Corruptor  
  127  15:47  Ultralisk  
  127  15:48  Zergling x2  
  127  15:49  Drone x2, Zergling x2  
  142  15:50  Drone x6  
  142  15:51  Drone x7  
  135  16:11  Corruptor x4  
  135  16:13  Drone x5  
  148  16:20  Drone x6  
  148  16:23  Extractor  
  153  16:28  Hatchery  
  150  16:37  Overseer  
  150  16:39  Pneumatized Carapace  
  109  17:21  Ultralisk x2  
  109  17:22  Ultralisk x3  
  139  17:32  Hatchery  
  139  17:36  Corruptor x2  
  140  17:38  Drone x8  
  150  17:50  Drone x5  
  123  18:29  Ultralisk x2, Corruptor x3  
  123  18:30  Corruptor  
  143  18:36  Drone x3  
  143  18:40  Spore Crawler  
  145  18:41  Spore Crawler  
  145  18:46  Drone x3, Extractor  
  145  18:47  Drone x5  
  145  18:48  Drone  
  152  18:56  Zergling x4  
  152  18:58  Overlord x3  
  152  18:59  Overlord x5  
  152  19:00  Extractor  
  153  19:10  Anabolic Synthesis  
  153  19:13  Zerg Missile Weapons Level 1, Zerg Melee Weapons Level 1  
  153  19:15  Corruptor x2  
  153  19:16  Corruptor  
  139  19:31  Corruptor x3  
  139  19:33  Zergling x8  
  142  19:53  Chitinous Plating  
  142  19:58  Corruptor x2  
  142  19:59  Ultralisk  
  142  20:00  Drone x2  
  142  20:01  Drone x7  
  142  20:19  Drone  
  142  20:20  Drone x2  
  109  20:41  Drone x6  
  115  20:46  Ultralisk x2  
  115  20:47  Zergling x6  
  115  20:48  Drone, Zergling x4  
  115  20:49  Zergling x2  
  134  20:56  Hatchery  
  133  20:58  Hatchery  
  133  21:02  Corruptor x2  
  136  21:08  Ultralisk  
  111  21:35  Zergling x8  
  111  21:36  Zergling x4  
  111  21:37  Zergling x6  
Show
View Real Time Build Order
Export as new Build Order

JackTar Protoss - Winner!

Build Orders: Oracle Opening, Carriers 

Get SALT Encoding   

  12  0:00  Probe  
  13  0:12  Probe  
  14  0:19  Pylon  
  14  0:24  Probe (Chrono Boost)  
  15  0:30  Assimilator  
  15  0:37  Probe (Chrono Boost)  
  16  0:45  Probe (Chrono Boost)  
  16  0:47  Gateway  
  17  0:51  Probe  
  18  1:03  Probe (Chrono Boost)  
  19  1:06  Pylon  
  19  1:15  Probe (Chrono Boost)  
  20  1:23  Probe (Chrono Boost)  
  21  1:28  Assimilator  
  21  1:35  Cybernetics Core  
  21  1:38  Probe  
  21  1:39  Pylon  
  22  1:50  Probe  
  23  1:55  Forge  
  23  2:14  Warp Gate  
  23  2:23  Pylon  
  23  2:31  Stargate  
  23  2:38  Photon Cannon  
  23  2:44  Photon Cannon  
  23  3:08  Nexus  
  23  3:14  Oracle (Chrono Boost), Pylon  
  26  3:35  Photon Cannon  
  26  3:37  Probe  
  26  3:38  Pylon  
  27  3:47  Void Ray  
  31  4:02  Photon Cannon  
  31  4:04  Probe  
  32  4:16  Protoss Shields Level 1  
  32  4:18  Probe  
  33  4:27  Void Ray  
  33  4:30  Probe  
  38  4:56  Stalker  
  40  5:04  Void Ray  
  44  5:22  Stalker  
  44  5:26  Assimilator  
  46  5:41  Void Ray  
  46  5:43  Photon Cannon  
  46  5:45  Stargate  
  46  5:48  Gateway  
  49  6:12  Probe x2  
  49  6:14  Assimilator  
  51  6:20  Pylon  
  51  6:24  Probe, Void Ray  
  52  6:26  Protoss Air Armor Level 1 (Chrono Boost)  
  56  6:44  Probe  
  57  6:53  Stalker x2  
  61  7:01  Shield Battery  
  61  7:03  Photon Cannon  
  61  7:04  Probe (Chrono Boost)  
  62  7:10  Twilight Council  
  62  7:14  Probe (Chrono Boost)  
  64  7:16  Probe (Chrono Boost)  
  64  7:19  Probe (Chrono Boost)  
  64  7:22  Void Ray  
  69  7:31  Probe  
  69  7:32  Probe  
  71  7:44  Probe  
  72  7:49  Nexus  
  72  8:00  Pylon  
  72  8:02  Protoss Shields Level 2 (Chrono Boost)  
  72  8:21  Protoss Air Weapons Level 1  
  72  8:27  Photon Cannon  
  72  8:29  Assimilator  
  72  8:31  Probe x2  
  72  8:33  Assimilator  
  74  8:34  Pylon  
  74  8:43  Probe x2  
  76  8:53  Cybernetics Core  
  76  8:55  Probe x2  
  78  9:01  Phoenix  
  78  9:02  Phoenix  
  82  9:08  Photon Cannon  
  82  9:13  Photon Cannon  
  82  9:17  Probe (Chrono Boost), Photon Cannon  
  83  9:27  Probe (Chrono Boost)  
  84  9:31  Templar Archives  
  84  9:40  Fleet Beacon  
  84  9:43  Photon Cannon  
  82  10:11  Probe (Chrono Boost)  
  83  10:15  Photon Cannon  
  83  10:17  Shield Battery  
  83  10:18  Photon Cannon  
  83  10:20  Probe (Chrono Boost)  
  84  10:23  Photon Cannon  
  84  10:27  Psionic Storm  
  84  10:30  High Templar x2  
  88  10:35  Protoss Air Weapons Level 2 (Chrono Boost)  
  88  10:36  Protoss Air Armor Level 2 (Chrono Boost)  
  88  10:38  Probe (Chrono Boost)  
  89  10:47  Phoenix  
  89  10:49  Probe (Chrono Boost)  
  92  10:50  Carrier  
  92  10:53  Anion Pulse-Crystals  
  92  10:54  Probe (Chrono Boost)  
  99  11:02  Probe x2  
  101  11:04  Probe  
  102  11:22  Nexus  
  98  11:45  Mothership (Chrono Boost)  
  98  11:46  Carrier  
  110  11:56  Pylon  
  94  12:04  Gateway  
  94  12:06  Gateway  
  90  12:28  High Templar x2  
  92  12:30  Carrier  
  98  12:40  Nexus  
  98  12:42  Pylon  
  98  12:45  Pylon, Flux Vanes  
  98  12:46  Assimilator  
  98  12:48  Assimilator  
  98  12:50  Carrier  
  104  13:01  Protoss Air Weapons Level 3 (Chrono Boost)  
  104  13:04  Protoss Air Armor Level 3 (Chrono Boost)  
  104  13:17  Photon Cannon  
  104  13:20  Photon Cannon  
  104  13:23  Photon Cannon  
  100  13:43  High Templar  
  100  13:44  High Templar x3  
  108  13:52  Probe  
  108  13:53  Probe x3  
  108  13:55  Protoss Shields Level 3 (Chrono Boost)  
  112  13:58  Photon Cannon  
  112  14:02  Pylon  
  112  14:20  High Templar x2  
  116  14:51  Stalker x2  
  120  15:06  Probe (Chrono Boost)  
  121  15:16  Probe (Chrono Boost)  
  121  15:18  Gateway  
  121  15:19  Gateway  
  122  15:22  Dark Shrine  
  122  15:27  Forge  
  122  15:31  Zealot, Robotics Facility  
  122  15:32  Zealot x3  
  128  15:47  Unknown  
  128  16:05  Stalker x2  
  130  16:13  Carrier x2  
  130  16:15  Stalker x2  
  130  16:17  High Templar x2  
  150  16:30  Charge (Chrono Boost)  
  150  16:35  Stargate  
  150  16:36  Protoss Ground Armor Level 1 (Chrono Boost)  
  150  16:38  Stargate  
  150  16:42  Stargate  
  102  17:23  Dark Templar  
  102  17:24  Dark Templar x3  
  109  17:33  Protoss Ground Weapons Level 1 (Chrono Boost)  
  117  17:37  Mothership  
  117  17:39  Zealot  
  117  17:40  Zealot  
  121  18:00  Dark Templar  
  121  18:01  Dark Templar x3  
  129  18:08  Nexus  
  95  18:28  Zealot x2  
  99  18:37  Assimilator  
  99  18:41  Assimilator  
  99  18:42  Pylon  
  99  18:46  Pylon  
  99  18:50  Carrier, Protoss Ground Armor Level 2 (Chrono Boost)  
  99  18:51  Carrier x2  
  117  19:00  Pylon x2  
  117  19:04  Pylon  
  117  19:05  Pylon  
  117  19:08  Photon Cannon  
  117  19:10  Photon Cannon  
  117  19:12  Photon Cannon  
  117  19:13  Warp Prism  
  117  19:14  Gateway  
  119  19:17  Gateway  
  119  19:29  Gateway  
  119  19:32  Gateway x2  
  119  19:35  Gateway  
  119  19:36  Photon Cannon  
  119  19:39  Gateway  
  119  19:41  Stalker x2  
  119  19:42  Gateway, Stalker x4  
  125  20:04  Probe (Chrono Boost)  
  126  20:14  Probe (Chrono Boost), Nexus  
  127  20:17  Pylon  
  127  20:28  Zealot x2  
  131  20:36  Dark Templar x5  
  131  20:37  Dark Templar x3  
  131  20:38  Zealot x3  
  153  21:13  Zealot x5  
  153  21:14  Zealot x3  
  153  21:15  Zealot x5  
  153  21:16  Zealot  
Show
View Real Time Build Order
Export as new Build Order

misaly Terran - Winner!

Build Orders:  

Get SALT Encoding   

  12  0:00  SCV  
  13  0:12  SCV  
  14  0:18  Supply Depot  
  14  0:24  SCV  
  15  0:40  SCV  
  15  0:41  Barracks  
  16  0:47  Refinery  
  16  0:52  SCV  
  17  1:03  Barracks  
  17  1:05  SCV  
  18  1:17  SCV  
  19  1:19  Refinery  
  19  1:31  Marine  
  20  1:35  Barracks  
  20  1:37  SCV  
  21  1:54  Marine x2  
  21  1:59  Orbital Command  
  23  2:16  Factory  
  23  2:31  Bunker  
  23  2:44  Supply Depot  
  23  3:02  Factory Tech Lab  
  23  3:05  SCV, Marine  
  23  3:06  Supply Depot  
  25  3:23  Barracks  
  25  3:26  Command Center  
  25  3:28  Barracks Reactor  
  25  3:41  Marine  
  25  3:45  Siege Tank  
  29  3:48  SCV  
  29  3:55  Barracks Tech Lab  
  30  3:59  Marine  
  30  4:00  SCV  
  32  4:04  Supply Depot  
  32  4:07  Starport  
  32  4:13  Marine x2  
  32  4:15  SCV  
  35  4:33  Barracks Reactor  
  32  4:41  Marine x2  
  32  4:42  Marine  
  32  4:44  Marine  
  27  4:51  Liberator  
  30  4:54  Widow Mine  
  30  4:59  Marine  
  29  5:15  Widow Mine  
  30  5:31  Marine  
  30  5:32  Marine x3  
  30  5:34  Liberator  
  36  5:59  Marine  
  36  6:00  Marine x5  
  36  6:01  SCV x2  
  44  6:13  SCV x2  
  44  6:17  Marine x4  
  50  6:19  Marine x2  
  50  6:20  Medivac  
  50  6:25  SCV  
  55  6:32  Orbital Command  
  55  6:35  Marine  
  48  6:56  Marine x4  
  48  6:57  Marine x2  
  48  6:59  Widow Mine  
  56  7:07  Supply Depot  
  56  7:08  Supply Depot  
  56  7:11  SCV x2  
  56  7:14  Marine x3  
  61  7:19  Marine  
  62  7:28  Marine  
  62  7:29  Widow Mine  
  65  7:31  Supply Depot  
  65  7:32  Medivac  
  67  7:48  Marine x6  
  67  7:51  Widow Mine  
  75  8:02  Medivac  
  75  8:04  SCV x2  
  79  8:05  Marine  
  79  8:06  Marine x3  
  79  8:07  Refinery  
  79  8:08  Refinery  
  83  8:16  SCV x2  
  85  8:50  Marine  
  85  8:55  Marine x3  
  86  8:57  Marine x2  
  86  8:59  Combat Shield  
  85  9:07  SCV, Engineering Bay  
  85  9:08  Engineering Bay  
  86  9:12  Supply Depot  
  86  9:13  Supply Depot  
  86  9:14  Supply Depot  
  86  9:17  Supply Depot  
  86  9:20  Starport Reactor  
  86  9:21  SCV x2, Marine x3  
  93  9:26  Factory Tech Lab  
  93  9:27  Starport  
  93  9:33  SCV  
  93  9:34  Marine x2  
  94  9:39  Marine x2  
  94  9:45  Barracks Reactor  
  88  10:13  Siege Tank  
  91  10:15  Marine, Medivac x2  
  91  10:16  Marine x3  
  91  10:18  Stimpack  
  99  10:24  Missile Turret  
  99  10:29  Terran Infantry Weapons Level 1  
  99  10:30  Terran Infantry Armor Level 1  
  99  10:32  SCV  
  100  10:40  SCV  
  101  10:44  SCV  
  101  10:45  Siege Tank  
  105  11:00  Marine x7  
  105  11:02  Medivac  
  105  11:03  Medivac  
  116  11:18  Marine x4  
  117  11:25  Marine x3  
  121  11:27  Viking  
  121  11:32  Viking  
  127  11:35  Marine  
  127  11:36  Marine x3  
  131  11:42  Marine  
  131  11:43  Marine x2  
  117  12:05  Marine x6  
  119  12:24  Marine  
  119  12:25  Marine x6  
  119  12:27  Viking x3  
  132  12:41  Siege Tank, Supply Depot  
  132  12:42  Marine  
  132  12:43  Marine x6  
  142  13:00  Marine  
  143  13:06  Starport Reactor  
  143  13:07  Medivac x2  
  143  13:09  Marine x6  
  153  13:18  Marine  
  149  13:58  Marine  
  149  13:59  Marine x6  
  156  14:05  Siege Tank  
  152  14:14  Medivac x3  
  158  14:21  Marine x5, Medivac  
  165  14:25  Armory  
  165  14:28  Command Center  
  165  14:37  Siege Tank  
  166  14:47  Medivac x3  
  166  14:51  Medivac  
  174  14:54  Supply Depot  
  174  15:09  Siege Tank  
  177  15:41  Siege Tank  
  165  15:56  Marine x7  
  156  16:13  Marine  
  156  16:14  Marine x5  
  156  16:17  Starport  
  162  16:20  Barracks  
  162  16:21  Barracks  
  162  16:22  Orbital Command  
  162  16:38  Terran Infantry Weapons Level 2  
  162  17:08  Command Center  
  162  17:09  Refinery  
  162  17:10  Refinery  
  162  17:37  Liberator x4  
  174  17:44  Starport Tech Lab  
  174  17:49  Barracks Reactor, Barracks Tech Lab  
  174  17:51  Terran Infantry Armor Level 2  
  171  18:05  Marine  
  171  18:06  Marine x6  
  174  18:23  Marine  
  174  18:24  Marine x6  
  177  18:41  Marine  
  178  19:00  Orbital Command  
  178  19:02  Command Center  
  178  19:03  Command Center  
  155  20:07  Marine x6  
  155  20:08  Marine x2  
  135  20:51  Planetary Fortress  
  135  20:52  Orbital Command  
  135  20:57  Raven  
  137  21:07  Marine  
  137  21:08  Marine x7  
  137  21:09  Marine x2  
  147  21:14  Refinery  
  147  21:25  Marine  
  147  21:26  Marine x2  
  142  21:36  SCV x2  
Tags
 
Add a new tag
Caveats
  • Supply blocks, unpowered buildings, or Contaminate may cause inaccurate times.
  • Supply counts are checked every 10 seconds.